 Dungeon Crawl Stone Soup version 0.31-a0-435-g2c6fae2916 (webtiles) character file.

Game seed: 10874066832665280061

614 ragingrage the Cutter (level 7, -1/45 HPs)
             Began as an Octopode Hunter on Aug 2, 2023.
             Killed from afar by an orc wizard (10 damage)
             ... with a puff of flame
             ... on level 4 of the Dungeon.
             The game lasted 00:03:54 (3751 turns).

ragingrage the Cutter (Octopode Hunter)             Turns: 3751, Time: 00:03:55

Health: -1/45      AC:  1    Str: 10    XL:     7   Next: 44%
Magic:  7/7        EV: 14    Int: 11    God:
Gold:   188        SH:  0    Dex: 18    Spells: 4/6 levels left

rFire   . . .        b - +0 short sword (drain)
rCold   . . .        (no shield)
rNeg    . . .        (helmet restricted)
rPois   .            (no amulet)
rElec   .            (no ring)
rCorr   .            (no ring)
SInv    .            (no ring)
Will    .....        (no ring)
Stlth   +++          (no ring)
HPRegen 0.27/turn    (no ring)
MPRegen 0.10/turn    (no ring)
                     (no ring)

%: no passive effects
@: no status effects
A: almost no armour, amphibious, 8 rings, camouflage 1, gelatinous body 1,
(nimble swimmer 1), tentacles
a: no special abilities


You were on level 4 of the Dungeon.
You visited 1 branch of the dungeon, and saw 4 of its levels.

You collected 188 gold pieces.

Inventory:

Hand Weapons
 a - a +0 shortbow
 b - a +0 short sword of draining (weapon)
Missiles
 r - 5 darts of dispersal
Jewellery
 s - an amulet of the acrobat
Wands
 q - a wand of flame (7)
Scrolls
 c - 3 scrolls of identify {unknown}
 d - 2 scrolls of brand weapon {unknown}
 f - a scroll of noise {unknown}
 g - a scroll of butterflies
 h - 2 scrolls of revelation {unknown}
 i - a scroll of amnesia {unknown}
 j - a scroll of fear {unknown}
 k - a scroll of poison {unknown}
 l - 2 scrolls of teleportation {unknown}
 p - a scroll of enchant weapon {unknown}
Potions
 e - 2 potions of curing {unknown}
 m - 2 potions of degeneration {unknown}
 n - 2 potions of heal wounds {unknown}
 o - a potion of attraction {unknown}


   Skills:
 - Level 2.3 Fighting
 + Level 6.2 Short Blades
 - Level 4.3 Ranged Weapons
 - Level 2.3 Dodging
 - Level 2.5 Stealth
 - Level 3.0 Translocations


You had 4 spell levels left.
You knew the following spells:

 Your Spells              Type           Power      Damage    Failure   Level
a - Blink                 Tloc           12%        N/A       16%         2

Your spell library contained the following spells:

 Spells                   Type           Power      Damage    Failure   Level
 Lesser Beckoning         Tloc           12%        N/A       16%         2
 Momentum Strike          Conj/Tloc      6%         3d8       28%         2
 Gell's Gravitas          Tloc           6%         N/A       30%         3
 Teleport Other           Tloc           6%         N/A       30%         3
 Static Discharge         Conj/Air       0%         2-2/arc   47%         2
 Manifold Assault         Tloc           6%         N/A       71%         4
 Airstrike                Air            0%         2d(0-16)  98%         4
 Summon Lightning Spire   Summ/Air       0%         N/A       98%         4
 Dispersal                Tloc           3%         N/A       100%        6
 Disjunction              Tloc           3%         N/A       100%        8


Dungeon Overview and Level Annotations

Branches:
Dungeon (4/15)
 Temple: D:4-7

Altars:
Okawaru
Trog

Annotations:
D:4 Edmund


Innate Abilities, Weirdness & Mutations

You cannot wear most types of armour.
You are amphibious.
You can wear up to eight rings at the same time.
Your skin changes colour to match your surroundings (Stealth+).
Your rubbery body absorbs attacks. (AC +1, EV +1)
((You are camouflaged when in or above water. (Stealth+)))
You have tentacles for arms and can constrict up to eight enemies at once.


Message History

You release your grip on the orc.
The orc attacks as you move away! The orc closely misses you.
An orc comes into view. It is wielding a +0 hand axe.
The orc attacks as you move away! The orc hits you with a +0 dagger.
You hit the orc. Your grab misses the orc. You closely miss the orc.
Your grab misses the orc. The orc hits you with a +0 dagger.
You hit the orc.
You kill the orc!
You hit the gnoll. You grab the gnoll.
You constrict the gnoll, but do no damage.
You hit the gnoll. You constrict the gnoll.
The orc wizard gestures wildly while chanting.
The orc wizard flickers and vanishes!
Deactivating autopickup; reactivate with Ctrl-A.
The gnoll hits you with a +0 whip.
You hear a shout!
You hit the gnoll. You drain the gnoll.
You kill the gnoll!
You hit the orc. Your grab misses the orc. You hit the orc but do no damage.
You drain the orc. You grab the orc. You constrict the orc.
You kill the orc!
You hit the orc but do no damage. You drain the orc. Your grab misses the orc.
The orc hits you with a +0 flail.
You hit the orc.
You kill the orc!
The gnoll hits you with a +0 whip. Something hits you.
Items here: ( )))) †††.
A magic dart appears from out of thin air!
The magic dart hits you!
You hit the gnoll. You drain the gnoll. You grab the gnoll.
You constrict the gnoll. The gnoll hits you with a +0 whip.
* * * LOW HITPOINT WARNING * * *
You hit the gnoll but do no damage. You drain the gnoll.
You kill the gnoll!
You hear some strange, mumbled words.
A puff of flame appears from out of thin air!
The puff of flame hits you!
You die...

........# ....... #.....#...
........#..##......... #.....##.#
#########.#....... #.....##.# #
#.#....... #.....##.# #
#.#....... ######.... # #.#....
..####.######.... # #.#...
........#....... #
#.#..#####o......#..(....
#########.#.....@){......#.......
..........#.##########...#....#'#
.....#####..##.......# #....#.#
.....# #.###...###.# #....#.#
.....# #....._.#.#.# #...†#.#
.##### #####...###.# #....#.# .#
#.......# #....#.. .# #########
#....#.# .. ........#


You could see an orc.

Vanquished Creatures
  Sigmund (D:2)
  An ogre (D:4)
  A jelly (D:4)
  Jessica (D:2)
  Natasha (thrice) (D:2)
  2 orc wizards (D:4)
  2 adders
  9 gnolls
  9 orcs (D:4)
  6 bats
  5 endoplasms
  A giant cockroach (D:3)
  9 goblins
  6 hobgoblins
  5 jackals
  5 kobolds
  6 quokkas
  4 ball pythons
  6 frilled lizards
  6 rats (D:1)
88 creatures vanquished.

Vanquished Creatures (others)
  A wizard (D:4)
1 creature vanquished.

Grand Total: 89 creatures vanquished

Notes
Turn   | Place    | Note
-------+----------+-------------------------------------------
     0 | D:1      | ragingrage the Octopode Hunter began the quest for the Orb.
     0 | D:1      | Reached XP level 1. HP: 14/14 MP: 1/1
    86 | D:1      | Reached XP level 2. HP: 19/19 MP: 2/2
   329 | D:1      | Reached XP level 3. HP: 25/25 MP: 3/3
   901 | D:2      | Noticed Natasha
  1200 | D:3      | Reached skill level 1 in Short Blades
  1311 | D:3      | Reached XP level 4. HP: 30/30 MP: 4/4
  1385 | D:3      | Reached skill level 2 in Short Blades
  1388 | D:3      | Learned a level 2 spell: Blink
  1402 | D:3      | Found an iron altar of Okawaru.
  1513 | D:2      | Noticed Jessica
  1518 | D:2      | Killed Jessica
  1519 | D:2      | Reached skill level 1 in Translocations
  1596 | D:2      | Found a faded altar of an unknown god.
  1619 | D:2      | Reached XP level 5. HP: 35/35 MP: 5/5
  1911 | D:3      | Reached skill level 3 in Short Blades
  1986 | D:2      | Killed Natasha
  2057 | D:2      | Noticed Sigmund
  2062 | D:2      | Killed Sigmund
  2063 | D:2      | Reached skill level 4 in Short Blades
  2063 | D:2      | Reached XP level 6. HP: 40/40 MP: 6/6
  2088 | D:2      | Noticed Natasha
  2094 | D:2      | Killed Natasha
  2540 | D:2      | Noticed Natasha
  2546 | D:2      | Killed Natasha
  2886 | D:4      | Reached skill level 5 in Short Blades
  3018 | D:3      | Reached XP level 7. HP: 45/45 MP: 7/7
  3258 | D:4      | Noticed Edmund
  3346 | D:4      | Reached skill level 6 in Short Blades
  3706 | D:4      | Found a bloodstained altar of Trog.
  3707 | D:4      | Noticed a wizard
  3713 | D:4      | Killed a wizard
  3751 | D:4      | Killed from afar by an orc wizard

Illustrated notes

Levels and vault maps discovered:
D:1:      dpeg_arrival_subterranean_lakeside_camping, layout_basic,
          serial_bayou_crossing
D:2:      layout_basic, hellmonk_ecumenical_altar_run_dry, uniq_natasha,
          uniq_sigmund, uniq_jessica
D:3:      layout_basic, nicolae_overflow_crystal_walls
D:4:      layout_basic, trog_wizard, grunt_decor_arrowhead,
          hangedman_decor_riveting, minmay_ogre_servants, uniq_edmund

Skill      XL: |  1  2  3  4  5  6  7 |
---------------+----------------------+-----
Stealth        | 2 |  2.5
Short Blades   | 1 2 4 5 6 |  6.2
Translocations | 1 3 |  3.0
Fighting       | |  2.3
Ranged Weapons | |  4.3
Dodging        | |  2.3

Action                     |  1- 3 |  4- 6 |  7- 9 || total
---------------------------+-------+-------+-------++-------
  Melee: Short sword       |    10 |    46 |    41 ||    97
         Constrict         |     5 |    16 |     9 ||    30
         Punch             |     1 |       |       ||     1
         Tentacles         |       |    11 |     8 ||    19
   Fire: Shortbow          |    88 |    33 |    13 ||   134
   Stab: Sleeping          |     1 |     7 |     1 ||     9
 Armour: Skin              |     2 |     2 |     1 ||     5
  Dodge: Dodged            |    29 |    44 |    23 ||    96

Table legend: (Time is in decaauts)
 A = Elapsed time spent in this place.
 B = Non-inter-level travel time spent in this place.
 C = Inter-level travel time spent in this place.
 D = Time resting spent in this place.
 E = Time spent auto-exploring this place.
 F = Levels seen in this place.
 G = Mean time per level.
                   A        B        C        D        E       F      G
               +--------+--------+--------+--------+--------+-----+--------+
         Total |   3749 |   3353 |    396 |    487 |   2277 |   4 |  937.2 |
       Dungeon |   3749 |   3353 |    396 |    487 |   2277 |   4 |  937.2 |
               +--------+--------+--------+--------+--------+-----+--------+

Top non-repeatable levels by time:
     D:2: 1351 daAuts
     D:1: 907 daAuts
     D:4: 810 daAuts
     D:3: 680 daAuts
